| TOP OF THE 1ST |
|
University of Southern California Trojans batting - Pitching for Florida State University Seminoles : RHP Cory Pennington
|
|
Pitching: RHP Cory Pennington
|
|
|
Batting: LHB Alonzo Catalan
|
0-0: Ball 1-0: Reached on error, E1 (Groundball, 15, EV 65.0 MPH)
|
|
Batting: LHB Justin Veirs
|
0-0: Called Strike Alonzo Catalan steals 3rd base 0-1: Foul Ball, location: 2F 0-2: Ball 1-2: Foul Ball, location: 2F 1-2: Ground out 4-3 (Groundball, 4, EV 90.6 MPH) Alonzo Catalan scores
|
|
Batting: RHB Eric Baker
|
0-0: Called Strike 0-1: Ball 1-1: Ball 2-1: Foul Ball, location: 2F 2-2: Ball 3-2: Foul Ball, location: 2F 3-2: Foul Ball, location: 2F 3-2: Foul Ball, location: 2F 3-2: Ground out 4-3 (Groundball, 4M, EV 105.6 MPH)
|
|
Batting: LHB John Rumbolt
|
0-0: Swinging Strike 0-1: Ball 1-1: DOUBLE (Line Drive, 9LS, EV 95.6 MPH)
|
|
Batting: SHB Jason Keys
|
0-0: SINGLE (Groundball, 4MD, EV 110.6 MPH) John Rumbolt to third Runner from 3rd tries for Home, SAFE, throw by CF to home
|
|
Batting: RHB Rick Acevedo
|
0-0: Called Strike 0-1: Ball 1-1: Ground out 6-3 (Groundball, 6MS, EV 69.4 MPH)
|
| Top of the 1st over - 2 runs, 2 hits, 1 error, 1 left on base; University of Southern California 2 - Florida State University 0 |
| BOTTOM OF THE 1ST |
|
Florida State University Seminoles batting - Pitching for University of Southern California Trojans : RHP Ville Nyman
|
|
Pitching: RHP Ville Nyman
|
|
|
Batting: RHB Larry Berge
|
0-0: Ball 1-0: Ball 2-0: Called Strike 2-1: Swinging Strike 2-2: Strikes out swinging, 2-3 out at first.
|
|
Batting: RHB Ray Johnson
|
0-0: Ball 1-0: SINGLE (Groundball, 34, EV 104.4 MPH)
|
|
Batting: LHB Ethan Ware
|
0-0: Ball Ray Johnson steals 2nd base 1-0: Foul Ball, location: 2F 1-1: Ball 2-1: Ball 3-1: Foul Ball, location: 2F 3-2: Foul Ball, location: 2F 3-2: Base on Balls
|
|
Batting: RHB Ed Vilches
|
0-0: Called Strike Ray Johnson is caught stealing 3rd base 2-5 0-1: Called Strike 0-2: Ball Ethan Ware is caught stealing 2nd base 2-4
|
| Bottom of the 1st over - 0 runs, 1 hit, 0 errors, 0 left on base; University of Southern California 2 - Florida State University 0 |
| TOP OF THE 2ND |
|
University of Southern California Trojans batting - Pitching for Florida State University Seminoles : RHP Cory Pennington
|
|
Batting: RHB Liangde Zhou
|
0-0: Ball 1-0: Called Strike 1-1: Ball 2-1: Foul Ball, location: 2F 2-2: DOUBLE (Line Drive, 9LS, EV 96.9 MPH)
|
|
Batting: RHB Jeremy McAbee
|
0-0: Swinging Strike 0-1: Fly out, F6 (Line Drive, 6MD, EV 73.1 MPH)
|
|
Batting: RHB John Sandberg
|
0-0: Ball 1-0: Ground out 6-3 (Groundball, 6, EV 87.5 MPH) Liangde Zhou to third
|
|
Batting: LHB Alonzo Catalan
|
0-0: Ball 1-0: Ball 2-0: Ball 3-0: Called Strike 3-1: Swinging Strike 3-2: Strikes out swinging
|
| Top of the 2nd over - 0 runs, 1 hit, 0 errors, 1 left on base; University of Southern California 2 - Florida State University 0 |
| BOTTOM OF THE 2ND |
|
Florida State University Seminoles batting - Pitching for University of Southern California Trojans : RHP Ville Nyman
|
|
Batting: RHB Ed Vilches
|
0-0: Ball 1-0: Ball 2-0: Foul Ball, location: 2F 2-1: Ground out 6-3 (Groundball, 6, EV 102.5 MPH)
|
|
Batting: RHB Tony Valdez
|
0-0: Called Strike 0-1: Foul Ball, location: 2F 0-2: Ball 1-2: Ball 2-2: Hit by Pitch
|
|
Batting: SHB Jason Farr
|
0-0: Ball 1-0: Grounds into double play, 5-4-3 (Groundball, 56, EV 105.0 MPH)
|
| Bottom of the 2nd over - 0 runs, 0 hits, 0 errors, 0 left on base; University of Southern California 2 - Florida State University 0 |
| TOP OF THE 3RD |
|
University of Southern California Trojans batting - Pitching for Florida State University Seminoles : RHP Cory Pennington
|
|
Batting: LHB Justin Veirs
|
0-0: Ball 1-0: Ball 2-0: Ground out 5-3 (Groundball, 5, EV 105.6 MPH)
|
|
Batting: RHB Eric Baker
|
0-0: Fly out, F8 (Line Drive, 8LS, EV 92.5 MPH)
|
|
Batting: LHB John Rumbolt
|
0-0: Ball 1-0: Called Strike 1-1: Swinging Strike 1-2: Foul Ball, location: 2F 1-2: SINGLE (Line Drive, 6D, EV 96.2 MPH)
|
|
Batting: SHB Jason Keys
|
0-0: Called Strike 0-1: Swinging Strike 0-2: Ball 1-2: Strikes out swinging
|
| Top of the 3rd over - 0 runs, 1 hit, 0 errors, 1 left on base; University of Southern California 2 - Florida State University 0 |
| BOTTOM OF THE 3RD |
|
Florida State University Seminoles batting - Pitching for University of Southern California Trojans : RHP Ville Nyman
|
|
Batting: RHB Butch Huskey
|
0-0: Fly out, F8 (Flyball, 8LM, EV 87.5 MPH)
|
|
Batting: RHB Terry Cisneros
|
0-0: Foul Ball, location: 2F 0-1: Foul Ball, location: 2F 0-2: Ball 1-2: Ball 2-2: Strikes out swinging
|
|
Batting: RHB Emilio Guerra
|
0-0: Called Strike 0-1: Called Strike 0-2: Ground out 5-3 (Groundball, 5S, EV 86.2 MPH)
|
| Bottom of the 3rd over - 0 runs, 0 hits, 0 errors, 0 left on base; University of Southern California 2 - Florida State University 0 |
| TOP OF THE 4TH |
|
University of Southern California Trojans batting - Pitching for Florida State University Seminoles : RHP Cory Pennington
|
|
Batting: RHB Rick Acevedo
|
0-0: Ball 1-0: Ball 2-0: Foul Ball, location: 2F 2-1: Swinging Strike 2-2: Ball 3-2: Foul Ball, location: 2F 3-2: Ground out 5-3 (Groundball, 5S, EV 82.5 MPH)
|
|
Batting: RHB Liangde Zhou
|
0-0: Called Strike 0-1: Fly out, F9 (Flyball, 9S, EV 74.4 MPH)
|
|
Batting: RHB Jeremy McAbee
|
0-0: Swinging Strike 0-1: Ball 1-1: Ball 2-1: Called Strike 2-2: Strikes out looking
|
| Top of the 4th over - 0 runs, 0 hits, 0 errors, 0 left on base; University of Southern California 2 - Florida State University 0 |
| BOTTOM OF THE 4TH |
|
Florida State University Seminoles batting - Pitching for University of Southern California Trojans : RHP Ville Nyman
|
|
Batting: RHB Larry Berge
|
0-0: Called Strike 0-1: Foul Ball, location: 2F 0-2: Ball 1-2: Strikes out swinging
|
|
Batting: RHB Ray Johnson
|
0-0: Ball 1-0: Called Strike 1-1: Ball 2-1: Called Strike 2-2: SINGLE (Groundball, 6D, EV 105.6 MPH)
|
|
Batting: LHB Ethan Ware
|
Balk! Ray Johnson to second 0-0: Called Strike 0-1: Foul Ball, location: 2F 0-2: Fly out, F4 (Line Drive, 4MD, EV 71.2 MPH)
|
|
Batting: RHB Ed Vilches
|
0-0: Ball Passed Ball! Ray Johnson to third 1-0: Fly out, F6 (Popup, 4M, EV 63.1 MPH)
|
| Bottom of the 4th over - 0 runs, 1 hit, 0 errors, 1 left on base; University of Southern California 2 - Florida State University 0 |
| TOP OF THE 5TH |
|
University of Southern California Trojans batting - Pitching for Florida State University Seminoles : RHP Cory Pennington
|
|
Batting: RHB John Sandberg
|
0-0: Foul Ball, location: 2F 0-1: Swinging Strike 0-2: Strikes out swinging
|
|
Batting: LHB Alonzo Catalan
|
0-0: Swinging Strike 0-1: Ball 1-1: Foul Ball, location: 2F 1-2: Ball 2-2: Ground out U3 (Groundball, 34, EV 108.8 MPH)
|
|
Batting: LHB Justin Veirs
|
0-0: Foul Ball, location: 2F 0-1: Swinging Strike 0-2: Strikes out looking
|
| Top of the 5th over - 0 runs, 0 hits, 0 errors, 0 left on base; University of Southern California 2 - Florida State University 0 |
| BOTTOM OF THE 5TH |
|
Florida State University Seminoles batting - Pitching for University of Southern California Trojans : RHP Ville Nyman
|
|
Batting: RHB Tony Valdez
|
0-0: Ball 1-0: Foul Ball, location: 2F 1-1: Called Strike 1-2: Ball 2-2: Foul Ball, location: 2F 2-2: Strikes out swinging
|
|
Batting: SHB Jason Farr
|
0-0: Ball 1-0: Ball 2-0: Ball 3-0: Called Strike 3-1: Base on Balls
|
|
Batting: RHB Butch Huskey
|
0-0: Ball 1-0: Fielders Choice at 2nd, 4-6 (Groundball, 4, EV 80.0 MPH)
|
|
Batting: RHB Terry Cisneros
|
0-0: Called Strike 0-1: Called Strike 0-2: Ball Butch Huskey is caught stealing 2nd base 2-4
|
| Bottom of the 5th over - 0 runs, 0 hits, 0 errors, 0 left on base; University of Southern California 2 - Florida State University 0 |
| TOP OF THE 6TH |
|
University of Southern California Trojans batting - Pitching for Florida State University Seminoles : RHP Cory Pennington
|
|
Pitching: LHP Carlo Pond
|
|
|
Batting: RHB Eric Baker
|
0-0: Ball 1-0: Ball 2-0: Ball 3-0: Called Strike 3-1: Base on Balls
|
|
Batting: LHB John Rumbolt
|
0-0: Called Strike 0-1: Ball 1-1: Called Strike 1-2: Fly out, F8 (Line Drive, 8RM, EV 85.0 MPH)
|
|
Batting: SHB Jason Keys
|
0-0: Ball 1-0: Ball 2-0: Ball 3-0: Base on Balls Eric Baker to second
|
|
Batting: RHB Rick Acevedo
|
0-0: Foul Ball, location: 2F 0-1: Called Strike 0-2: Strikes out looking
|
|
Batting: RHB Liangde Zhou
|
0-0: Called Strike 0-1: Swinging Strike 0-2: Strikes out swinging
|
| Top of the 6th over - 0 runs, 0 hits, 0 errors, 2 left on base; University of Southern California 2 - Florida State University 0 |
| BOTTOM OF THE 6TH |
|
Florida State University Seminoles batting - Pitching for University of Southern California Trojans : RHP Ville Nyman
|
|
Batting: RHB Terry Cisneros
|
0-0: Called Strike 0-1: Ball 1-1: Swinging Strike 1-2: Ball 2-2: Strikes out swinging
|
|
Batting: RHB Emilio Guerra
|
0-0: Ball 1-0: Ball 2-0: Called Strike 2-1: Called Strike 2-2: Strikes out looking
|
|
Batting: RHB Larry Berge
|
0-0: Ball 1-0: Called Strike 1-1: Swinging Strike 1-2: Strikes out looking
|
| Bottom of the 6th over - 0 runs, 0 hits, 0 errors, 0 left on base; University of Southern California 2 - Florida State University 0 |
| TOP OF THE 7TH |
|
University of Southern California Trojans batting - Pitching for Florida State University Seminoles : LHP Carlo Pond
|
|
Batting: RHB Jeremy McAbee
|
0-0: Foul Ball, location: 2F 0-1: Swinging Strike 0-2: Ball 1-2: Foul Ball, location: 2F 1-2: Strikes out looking
|
|
Batting: RHB John Sandberg
|
0-0: Ball 1-0: Ball 2-0: Called Strike 2-1: Foul Ball, location: 2F 2-2: Strikes out swinging
|
|
Batting: LHB Alonzo Catalan
|
0-0: Called Strike 0-1: Ground out 6-3 (Groundball, 4M, EV 104.4 MPH)
|
| Top of the 7th over - 0 runs, 0 hits, 0 errors, 0 left on base; University of Southern California 2 - Florida State University 0 |
| BOTTOM OF THE 7TH |
|
Florida State University Seminoles batting - Pitching for University of Southern California Trojans : RHP Ville Nyman
|
|
Pitching: RHP Aaron Haver
|
|
|
Batting: RHB Ray Johnson
|
0-0: Called Strike 0-1: Ball 1-1: Foul Ball, location: 2F 1-2: Ball 2-2: Ball 3-2: Strikes out swinging
|
|
Batting: LHB Ethan Ware
|
0-0: Ball 1-0: SOLO HOME RUN (Flyball, 7D, EV 106.9 MPH), Distance : 392 ft
|
|
Batting: RHB Ed Vilches
|
0-0: Ball 1-0: Ball 2-0: DOUBLE (Flyball, 8LXD, EV 105.6 MPH)
|
|
Batting: RHB Tony Valdez
|
0-0: Called Strike 0-1: Ball 1-1: Ball 2-1: Hit by Pitch
|
|
Batting: SHB Jason Farr
|
0-0: Foul Ball, location: 2F 0-1: Called Strike 0-2: Foul Ball, location: 2F 0-2: Strikes out swinging
|
|
Batting: RHB Butch Huskey
|
0-0: Ground out 4-3 (Groundball, 4, EV 80.0 MPH)
|
| Bottom of the 7th over - 1 run, 2 hits, 0 errors, 2 left on base; University of Southern California 2 - Florida State University 1 |
| TOP OF THE 8TH |
|
University of Southern California Trojans batting - Pitching for Florida State University Seminoles : LHP Carlo Pond
|
|
Pitching: RHP Mark Sowders
|
|
|
Batting: LHB Justin Veirs
|
0-0: Fly out, F8 (Flyball, 8RD, EV 77.5 MPH)
|
|
Batting: RHB Eric Baker
|
0-0: Called Strike 0-1: Fly out, F8 (Line Drive, 8RD, EV 86.9 MPH)
|
|
Batting: LHB John Rumbolt
|
0-0: Hit by Pitch
|
|
Batting: SHB Jason Keys
|
0-0: Called Strike 0-1: Fly out, F8 (Flyball, 89D, EV 89.4 MPH)
|
| Top of the 8th over - 0 runs, 0 hits, 0 errors, 1 left on base; University of Southern California 2 - Florida State University 1 |
| BOTTOM OF THE 8TH |
|
Florida State University Seminoles batting - Pitching for University of Southern California Trojans : RHP Aaron Haver
|
|
Batting: RHB Terry Cisneros
|
0-0: Ball 1-0: Swinging Strike 1-1: Called Strike 1-2: Ball 2-2: Ball 3-2: Base on Balls
|
|
Pitching: RHP Dave Montoya
|
|
|
Batting: RHB Emilio Guerra
|
0-0: Called Strike 0-1: Foul Ball, location: 2F 0-2: Strikes out swinging
|
|
Batting: RHB Larry Berge
|
0-0: Ball 1-0: Fly out, F8 (Flyball, 8RXD, EV 105.0 MPH)
|
|
Batting: RHB Ray Johnson
|
0-0: Foul Ball, location: 2F 0-1: Ball 1-1: Ground out 4-3 (Groundball, 4, EV 80.0 MPH)
|
| Bottom of the 8th over - 0 runs, 0 hits, 0 errors, 1 left on base; University of Southern California 2 - Florida State University 1 |
| TOP OF THE 9TH |
|
University of Southern California Trojans batting - Pitching for Florida State University Seminoles : RHP Mark Sowders
|
|
Batting: RHB Rick Acevedo
|
0-0: Called Strike 0-1: Ground out 6-3 (Groundball, 6S, EV 88.1 MPH)
|
|
Batting: RHB Liangde Zhou
|
0-0: Foul Ball, location: 2F 0-1: Fly out, F9 (Flyball, 89M, EV 86.9 MPH)
|
|
Batting: RHB Jeremy McAbee
|
0-0: Ball 1-0: Fly out, F8 (Line Drive, 78M, EV 89.4 MPH)
|
| Top of the 9th over - 0 runs, 0 hits, 0 errors, 0 left on base; University of Southern California 2 - Florida State University 1 |
| BOTTOM OF THE 9TH |
|
Florida State University Seminoles batting - Pitching for University of Southern California Trojans : RHP Dave Montoya
|
|
Pitching: RHP Steve Depre
|
|
|
Now at 1B: Jim Baltazar
|
|
|
Now at 3B: Tri Kartini
|
|
|
Now in LF: Liangde Zhou
|
|
|
Batting: LHB Ethan Ware
|
0-0: Foul Ball, location: 2F 0-1: Called Strike 0-2: Ball 1-2: Strikes out looking
|
|
Batting: RHB Ed Vilches
|
0-0: Ball 1-0: Foul Ball, location: 2F 1-1: Called Strike 1-2: Strikes out swinging
|
|
Batting: RHB Tony Valdez
|
0-0: Ball 1-0: Ball 2-0: Ground out 4-3 (Groundball, 4, EV 83.1 MPH)
|
| Bottom of the 9th over - 0 runs, 0 hits, 0 errors, 0 left on base; University of Southern California 2 - Florida State University 1 |
|